Construct Infanterie Kompanie
Construct Luftwaffe Kompanie
Selects Luftwaffe Battlegroup
Selects Luftwaffe Pioneer Support
Selects Stuka Strafing Run
Selects Fallschirmjäger Squad Paradrop
Fallschirmjäger Squad Paradrop
Selects LG40 Recoilless Gun Paradrop
Construct Panzergrenadier Kompanie
Selects Infantry Reserves
Marder III M Tank Destroyer
Construct Panzer Kompanie
Pak 40 Anti-tank Gun Team
LG40 Recoilless Gun Paradrop
Pak 40 Anti-tank Gun Team